 Dungeon Crawl Stone Soup version 0.28.0-45-g0d030f2227 (webtiles) character file.

Game seed: 13595028835158089441

147 NinjaNoafa the Conjurer (level 5, -8/38 HPs)
             Began as a Draconian Conjurer on Apr 18, 2022.
             Killed by nerve-wracking pain
             ... invoked by an orc priest
              (14 damage)
             ... on level 3 of the Dungeon.
             The game lasted 00:04:04 (2385 turns).

NinjaNoafa the Conjurer (Draconian Conjurer)        Turns: 2385, Time: 00:04:04

Health: -8/38      AC:  5    Str: 13    XL:     5   Next: 7%
Magic:  9/9        EV: 11    Int: 20    God:
Gold:   65         SH:  3    Dex:  7    Spells: 6/9 levels left

rFire   . . .      SeeInvis .   h - +8 mace of Due Proportion {speed, Str+3 Dex-2 Stlth+}
rCold   . . .      Faith    .   b - +0 buckler
rNeg    . . .      Spirit   .   (armour unavailable)
rPois   .          Reflect  .   (helmet restricted)
rElec   .          Harm     .   (no cloak)
rCorr   .          Rampage  .   (no gloves)
Will    .....                   (no boots)
Stlth   +++.......              (no amulet)
HPRegen 0.12/turn               (no ring)
MPRegen 0.11/turn               (no ring)

@: no status effects
A: AC +5, unfitting armour, cold-blooded
a: no special abilities


You were on level 3 of the Dungeon.
You visited 1 branch of the dungeon, and saw 3 of its levels.

You collected 65 gold pieces.

Inventory:

Hand Weapons
 d - a +0 short sword
 g - a +0 antimagic rapier
 h - the +8 mace of Due Proportion (weapon) {speed, Str+3 Dex-2 Stlth+}
   (You found it on level 2 of the Dungeon)

   Attacks with this weapon are significantly faster.
   Str:       It affects your strength (+3).
   Dex:       It affects your dexterity (-2).
   Stlth:     It makes you more stealthy.
Missiles
 a - 16 stones
 c - 3 poisoned darts (quivered)
 f - 2 boomerangs
Armour
 b - a +0 buckler (worn)
Scrolls
 e - 3 scrolls of identify


   Skills:
 + Level 2.5 Dodging
 - Level 2.0 Stealth
 + Level 2.1 Shields
 + Level 2.8 Spellcasting
 + Level 4.5 Conjurations
 + Level 1.5 Translocations


You had 6 spell levels left.
You knew the following spells:

 Your Spells              Type           Power      Damage    Failure   Level
a - Magic Dart            Conj           80%        1d7       3%          1
b - Searing Ray           Conj           40%        2d5       4%          2

Your spell library contained the following spells:

 Spells                   Type           Power      Damage    Failure   Level
 Dazzling Flash           Conj/Hex       22%        N/A       22%         3
 Gell's Gravitas          Tloc           8%         N/A       30%         3
 Teleport Other           Tloc           8%         N/A       30%         3
 Iskenderun's Mystic Bla  Conj/Tloc      14%        2d5       50%         4
 Fulminant Prism          Conj/Hex       5%         3d7       58%         4
 Dispersal                Tloc           4%         N/A       100%        6


Dungeon Overview and Level Annotations

Branches:
Dungeon (3/15)

Altars:


Innate Abilities, Weirdness & Mutations

Your plain brown scales are hard. (AC +5)
You cannot fit into any form of body armour.
You are cold-blooded and may be slowed by cold attacks.


Message History

* * * LOW HITPOINT WARNING * * *
You sock the orc!
You kill the orc!
Your transformation is almost over.
You feel less wooden.
Your hearing returns.
An orc comes into view. It is wielding a +0 flail.
Throw: 5 darts (poison)
Press: ? - help, Q - select action, (/) - cycle Shift-Dir - straight line, f - orc
Aim: an orc, wielding a +0 flail and wearing a +0 chain mail (wandering, hasn't noticed you, 59% to hit)
You throw a poisoned dart.
The poisoned dart closely misses the orc.
The orc shouts!
Things that are here:
a +0 short sword; a +0 scale mail; an orc corpse
Things that are here:
a +0 morningstar; a +0 chain mail
Items here: ( )) [[ †.
The orc hits you with a +0 flail.
You barely miss the orc. The orc hits you with a +0 flail.
* * * LOW HITPOINT WARNING * * *
An orc priest comes into view. It is wielding a +0 club.
Items here: ( )) [[ †.
f - 2 boomerangs You block the orc's attack.
An orc comes into view. It is wielding a +0 trident.
Throw: 4 darts (poison)
Press: ? - help, Q - select action, (/) - cycle Shift-Dir - straight line, f/p - orc
Aim: an orc, wielding a +0 flail and wearing a +0 chain mail (59% to hit)
You throw a poisoned dart. The poisoned dart hits the orc.
The orc priest shouts!
The orc shouts!
The orc hits you but does no damage. You block the orc's attack.
The orc priest calls down the wrath of Beogh upon you.
Pain shoots through your body!
* * * LOW HITPOINT WARNING * * *
The orc priest invokes the aid of Beogh against you.
Pain shoots through your body!
You die...

#....(.....###....
#...............#.#
#.####........####
#.##.....o....#
#.#?(.....(...###
.###.......†.....#.#
........#.†..)#.o#P#
.)..>h.##....)o..#.#
.#(....##....)..@#P#
......o##........#P#
.#...............###
#.....##........#
#.....#.........#
#............$...
#.................
......##......


You could see an orc priest and 2 orcs.

Vanquished Creatures
  A water moccasin skeleton (D:3)
  An orc wizard (D:3)
  2 adders (D:2)
  3 dart slugs (D:1)
  4 orcs (D:3)
  4 endoplasms
  2 giant cockroaches
  4 goblins
  A hobgoblin (D:2)
  2 jackals (D:3)
  4 quokkas (D:2)
  3 ball pythons
  A bat (D:1)
  A frilled lizard (D:3)
  5 kobolds
  6 rats
44 creatures vanquished.

Notes
Turn   | Place    | Note
-------+----------+-------------------------------------------
     0 | D:1      | NinjaNoafa the Draconian Conjurer began the quest for the
                  | Orb.
     0 | D:1      | Reached XP level 1. HP: 14/14 MP: 3/3
   210 | D:1      | Reached XP level 2. HP: 20/20 MP: 3/5
   362 | D:1      | Reached skill level 1 in Shields
  1106 | D:2      | Reached XP level 3. HP: 26/26 MP: 3/6
  1109 | D:2      | Identified the +8 mace of Due Proportion {speed, Str+3
                  | Dex-2 Stlth+}
  1803 | D:2      | Found a faded altar of an unknown god.
  2111 | D:3      | Reached skill level 1 in Translocations
  2111 | D:3      | Reached XP level 4. HP: 16/33 MP: 3/8
  2249 | D:3      | Learned a level 2 spell: Searing Ray
  2308 | D:3      | Reached XP level 5. HP: 13/38 MP: 2/9
  2385 | D:3      | Killed from afar by an orc priest

Illustrated notes

Levels and vault maps discovered:
D:1:      dpeg_arrival_three_same_balls, layout_basic, minmay_pentomino_p4
D:2:      layout_loops_corners, dreamdust_ecumenical_altar_statues,
          minmay_strange_pillars, chequers_decorated_corner
D:3:      layout_rooms, serial_aquarium, aquarium_bridge_straight
          [aquarium_subvault_bridge, aquarium_subvault_wall,
          aquarium_subvault_bridge, aquarium_subvault_wall],
          aquarium_window_corridor_3, aquarium_window_2, aquarium_window_2,
          aquarium_view_4, aquarium_balcony_3a, grunt_ministairs_11

Skill      XL: |  1  2  3  4 |
---------------+-------------+-----
Stealth        | 2 |  2.0
Dodging        | 2 |  2.5
Shields        | 1 2 |  2.1
Translocations | 1 |  1.5
Spellcasting   | |  2.8
Conjurations   | |  4.5

Action                   |  1- 3 |  4- 6 || total
-------------------------+-------+-------++-------
Melee: Dagger            |     4 |       ||     4
       Unarmed           |     1 |       ||     1
       Mace              |     6 |    18 ||    24
       Tailslap          |       |     1 ||     1
Throw: Dart              |       |     4 ||     4
 Cast: Magic Dart        |    63 |       ||    63
       Searing Ray       |       |     2 ||     2
  Use: Scroll            |       |     2 ||     2
       Potion            |       |     2 ||     2
 Stab: Sleeping          |     1 |       ||     1
Armor: Skin              |     5 |    28 ||    33
Dodge: Dodged            |     8 |     7 ||    15
Block: Buckler           |     2 |     4 ||     6
